 Dungeon Crawl Stone Soup version 0.30.0-13-g156ef70053 (webtiles) character file.

Game seed: 14948045133986660644

132203 jasper the Spry (level 16, -1/90 HPs)
             Began as a Spriggan Earth Elementalist on May 17, 2023.
             Was a High Priest of Vehumet.
             Constricted to death by an anaconda (2 damage)
             ... led by a naga ritualist
             ... on level 1 of the Snake Pit.
             The game lasted 00:51:28 (31126 turns).

jasper the Spry (Spriggan Earth Elementalist)      Turns: 31126, Time: 00:51:29

Health: -1/90      AC:  7    Str: 12    XL:     16   Next: 57%
Magic:  23/34      EV: 29    Int: 30    God:    Vehumet [*****.]
Gold:   705        SH:  0    Dex: 18    Spells: 21/41 levels left

rFire   + + .        c - staff of conjuration
rCold   + + .        (shield currently unavailable)
rNeg    . . .        U - +2 robe "Fuko" {rElec Will+ Dex+2}
rPois   .            (helmet restricted)
rElec   +            v - +2 cloak of Uzech {Harm rF++ Slay-5 Stlth+}
rCorr   .            (gloves unavailable)
SInv    +            (boots unavailable)
Will    +++..        d - amulet of regeneration
Stlth   ++++++       k - +6 ring of intelligence
HPRegen 1.15/turn    z - ring of the Unbearable God {rC++ Str+8 Slay-2 SInv}
MPRegen 0.24/turn

%: harm (+30% outgoing, +20% incoming)
@: lethally poisoned (-1 -> -11), constricted, very quick
A: very small, no large weapons, unfitting armour, see invisible, speed 3
a: Renounce Religion


You were on level 1 of the Snake Pit.
You worshipped Vehumet.
Vehumet was extremely pleased with you.
You visited 5 branches of the dungeon, and saw 24 of its levels.
You also visited: Gauntlet.

You collected 2833 gold pieces.
You spent 2128 gold pieces at shops.

Inventory:

Missiles
 A - 3 curare-tipped darts
 Q - a throwing net
 T - 2 atropa-tipped darts
Armour
 v - the +2 cloak of Uzech (worn) {Harm rF++ Slay-5 Stlth+}
   (You found it on level 4 of the Dungeon)

   Slay:      It affects your accuracy & damage with ranged weapons and melee
   (-5).
   rF:        It greatly protects you from fire.
   Harm:      It increases damage dealt and taken.
   Stlth:     It makes you more stealthy.
 U - the +2 robe "Fuko" (worn) {rElec Will+ Dex+2}
   (You found it on level 2 of the Lair of Beasts)

   Dex:       It affects your dexterity (+2).
   rElec:     It insulates you from electricity.
   Will:      It increases your willpower.
Magical Staves
 c - a staff of conjuration (weapon)
 g - a staff of fire
Jewellery
 d - an amulet of regeneration (around neck)
 k - a +6 ring of intelligence (left hand)
 p - a ring of ice
 s - a ring of fire
 t - an amulet of faith
 z - the ring of the Unbearable God (right hand) {rC++ Str+8 Slay-2 SInv}
   (You bought it in a shop on level 2 of the Orcish Mines)

   [ring of see invisible]

   Str:       It affects your strength (+8).
   Slay:      It affects your accuracy & damage with ranged weapons and melee
   (-2).
   rC:        It greatly protects you from cold.
   SInv:      It lets you see invisible.
 M - an amulet of guardian spirit
 N - a +6 ring of dexterity
 R - a ring of ice
 X - a ring of poison resistance
 Y - the amulet of Makefog {Spirit rF+ Dex+2}
   (You found it in a Gauntlet)

   [amulet of guardian spirit]

   It causes incoming damage to be divided between your reserves of health and
   magic.
   Dex:       It affects your dexterity (+2).
   rF:        It protects you from fire.
Wands
 e - a wand of flame (58)
 n - a wand of polymorph (11)
 o - a wand of digging (2)
 x - a wand of roots (11)
Scrolls
 a - 4 scrolls of blinking
 i - 3 scrolls of fear
 l - 12 scrolls of teleportation
 q - a scroll of magic mapping
 u - a scroll of brand weapon
 y - 3 scrolls of fog
 E - 2 scrolls of butterflies
 F - 5 scrolls of immolation
 G - 3 scrolls of torment
 J - 2 scrolls of enchant weapon
 O - 5 scrolls of identify
 P - 2 scrolls of amnesia
 W - a scroll of enchant armour
Potions
 b - a potion of magic
 f - 7 potions of might
 h - 11 potions of curing
 j - 5 potions of attraction
 m - 5 potions of heal wounds
 r - 2 potions of ambrosia
 w - a potion of invisibility
 B - 2 potions of brilliance
 C - 5 potions of cancellation
 D - 4 potions of haste
 H - 4 potions of flight
 K - 9 potions of degeneration
 S - 6 potions of resistance
 V - 3 potions of mutation
 Z - 3 potions of berserk rage
Miscellaneous
 L - a box of beasts


   Skills:
 + Level 12.5 Fighting
 + Level 18.9 Dodging
 - Level 10.0 Stealth
 - Level 13.1 Spellcasting
 - Level 6.0 Conjurations
 - Level 4.0 Hexes
 - Level 7.1 Necromancy
 - Level 1.3 Transmutations
 - Level 10.2 Earth Magic
 - Level 6.0 Evocations


You had 21 spell levels left.
You knew the following spells:

 Your Spells              Type           Power      Damage    Failure   Level
a - Sandblast             Erth           100%       2d20      1%          1
b - Passwall              Tmut/Erth      44%        N/A       1%          2
c - Stone Arrow           Conj/Erth      100%       3d13      1%          3
d - Sublimation of Blood  Necr           58%        N/A       1%          2
e - Mephitic Cloud        Conj/Pois/Air  47%        N/A       1%          3
f - Fulminant Prism       Conj/Hex       32%        3d15      1%          4
g - Borgnjor's Vile Clut  Necr/Erth      32%        N/A       1%          5

Your spell library contained the following spells:

 Spells                   Type           Power      Damage    Failure   Level
 Foxfire                  Conj/Fire      100%       2x1d9     1%          1
 Magic Dart               Conj           100%       1d8       1%          1
 Shock                    Conj/Air       100%       1d9       1%          1
 Slow                     Hex            100%       N/A       1%          1
 Searing Ray              Conj           100%       2d8       1%          2
 Confusing Touch          Hex            43%        N/A       1%          3
 Dazzling Flash           Conj/Hex       100%       N/A       1%          3
 Hailstorm                Conj/Ice       54%        3d12      1%          3
 Inner Flame              Hex/Fire       31%        N/A       1%          3
 Vampiric Draining        Necr           58%        2d10      1%          3
 Animate Dead             Necr           58%        N/A       1%          4
 Leda's Liquefaction      Hex/Erth       29%        N/A       1%          4
 Frozen Ramparts          Ice            38%        1d6       2%          3
 Volatile Blastmotes      Fire/Tloc      38%        2d13      2%          3
 Iskenderun's Mystic Bla  Conj/Tloc      54%        2d12      2%          4
 Petrify                  Tmut/Erth      53%        N/A       2%          4
 Portal Projectile        Hex/Tloc       62%        N/A       3%          3
 Irradiate                Conj/Tmut      29%        3d21      4%          5
 Fireball                 Conj/Fire      27%        3d12      5%          5
 Airstrike                Air            9%         2d(2-18)  7%          4
 Yara's Violent Unravell  Hex/Tmut       17%        3d8       7%          5
 Call Canine Familiar     Summ           19%        N/A       8%          3
 Swiftness                Air            19%        N/A       8%          3
 Ice Form                 Ice/Tmut       23%        N/A       19%         4
 Death Channel            Necr           29%        N/A       21%         6
 Summon Ice Beast         Ice/Summ       19%        N/A       26%         4
 Summon Lightning Spire   Summ/Air       19%        N/A       26%         4
 Starburst                Conj/Fire      27%        6d9       28%         6
 Plasma Beam              Fire/Air       9%         2x1d22    65%         6
 Simulacrum               Ice/Necr       20%        N/A       65%         6
 Enfeeble                 Hex            21%        N/A       99%         7
 Ozocubu's Refrigeration  Ice            9%         4d9       99%         7
 Storm Form               Tmut/Air       11%        N/A       100%        7
 Maxwell's Capacitive Co  Air            9%         ∞         100%        8
 Polar Vortex             Ice            9%         N/A       100%        9


Dungeon Overview and Level Annotations

Branches:
Dungeon (15/15)            Temple (1/1) D:6            Lair (5/5) D:10
 Shoals (0/4) Lair:3        Snake (1/4) Lair:3        Slime (0/5) Lair:5
    Orc (2/2) D:12            Elf (0/3) Orc:2        Vaults (0/5) D:13
 Depths (0/4) D:15        Gauntlet (visited)

Altars:
Ashenzari
Cheibriados
Dithmenos
Elyvilon
Fedhas
Gozag
Hepliaklqana
Kikubaaqudgha
Makhleb
Nemelex Xobeh
Okawaru
Qazlal
Ru
Sif Muna
Trog
Uskayaw
Vehumet
Wu Jian
Xom
Yredelemnul
Zin
The Shining One

Shops:
D:1 ?   D:2 *   D:15 [!(!   Orc:2 ([*=

Annotations:
D:5 3 runed translucent doors, meatpath's ghost, amateur MiBe
D:7 1 runed translucent door, SkeletonJelly's ghost, novice DsRe
D:8 3 runed translucent doors, Voxie's ghost, novice GrFi
Temple 2 transporters
Lair:3 2 transporters
Orc:2 Saint Roka


Innate Abilities, Weirdness & Mutations

You are very small and have problems with some larger weapons.
You are too small for most types of armour.
You have supernaturally acute eyesight. (SInv)
You cover ground extremely quickly. (Speed+++)


Message History

Aiming: Stone Arrow (safe; 1% risk of failure)
Press: ? - help, Shift-Dir - straight line, f/p - anaconda
Aim: an anaconda (heavily wounded, constricting you, 61% to hit)
You feel a surge of power!
The stone arrow misses the anaconda.
You feel very sick.
You are more poisoned.
The anaconda bites you but does no damage.
The anaconda constricts you. The black mamba barely misses you.
The anaconda closely misses you. The anaconda constricts you.
The black mamba misses you.
You take 12 damage, and have 40/90 hp.
You now have 28/34 mp.
Casting: Stone Arrow (safe; 1% risk of failure)
Confirm with . or Enter, or press ? or * to list all spells.
Aiming: Stone Arrow (safe; 1% risk of failure)
Press: ? - help, Shift-Dir - straight line, f/p - anaconda
Aim: an anaconda (heavily wounded, constricting you, 61% to hit)
You feel a surge of power!
The stone arrow hits the anaconda!
The anaconda is severely wounded.
You feel very sick.
You are more poisoned.
The anaconda misses you. The anaconda constricts you.
The black mamba misses you. The anaconda bites you.
The anaconda constricts you.
* * * LOW HITPOINT WARNING * * *
You take 14 damage, and have 26/90 hp.
You now have 25/34 mp.
Casting: Stone Arrow (safe; 1% risk of failure)
Confirm with . or Enter, or press ? or * to list all spells.
Aiming: Stone Arrow (safe; 1% risk of failure)
Press: ? - help, Shift-Dir - straight line, f/p - anaconda
Aim: an anaconda (severely wounded, constricting you, 61% to hit)
You feel a surge of power!
The stone arrow hits the anaconda!
The anaconda is almost dead.
You feel very sick.
* * * LOW HITPOINT WARNING * * *
You are more poisoned.
The black mamba completely misses you. The anaconda misses you.
The anaconda constricts you.
* * * LOW HITPOINT WARNING * * *
The black mamba bites you!
* * * LOW HITPOINT WARNING * * *
The anaconda completely misses you. The anaconda constricts you.
You die...

....# ....#
.... # ...##.#
.......
##.N.....
#S...# #@...#
#......S.!.....
...............
...............
....#...#......
...#...###....#
...#... #...#
?. ...# #..#


You could see an anaconda, a naga ritualist (toxic aura) and a black mamba.

Vanquished Creatures
  An orc warlord (Orc:2)
  Azrael (D:14)
  A minotaur (Gauntlet)
  A fire dragon (Lair:5)
  3 hydras
  A catoblepas (Lair:5)
  Erolcha (D:12)
  A death knight (D:11)
  6 centaur warriors
  7 boulder beetles
  2 orc high priests
  Amaemon (Lair:2)
  Nergalle (Lair:2)
  3 sixfirhies (Gauntlet)
  4 skeletal warriors
  Lodul (D:12)
  A skyshark (Lair:4)
  A swamp dragon (Lair:5)
  A deep elf archer (D:13)
  A necromancer (D:15)
  A deep elf zephyrmancer (D:13)
  2 deep elf pyromancers (D:13)
  3 wizards (D:15)
  5 orc knights
  6 ugly things
  4 orc sorcerers
  6 cyclopes
  4 manticores
  A centaur zombie (D:15)
  10 black mambas
  A naga mage (D:15)
  4 slime creatures (D:14)
  8 elephants
  An orange demon (Lair:2)
  An unseen horror (D:12)
  An unseen horror zombie (D:7)
  5 gargoyles
  5 centaur skeletons
  Psyche (D:10)
  5 rime drakes (Lair:5)
  A rime drake (shapeshifter) (D:13)
  9 cane toads
  9 yaktaurs
  13 komodo dragons
  An efreet (D:14)
  9 polar bears (Lair:5)
  8 trolls
  A wind drake (D:12)
  3 blink frogs (Lair:5)
  2 raiju (Lair:5)
  6 wyverns
  A centaur simulacrum (D:15)
  5 shadows
  6 basilisks
  2 wraiths
  7 fire elementals
  64 yaks
  A golden eye (Orc:2)
  2 steam dragons
  8 vampire mosquitoes
  3 nagas (Lair:3)
  An acid dragon (Lair:5)
  7 wargs
  14 water moccasins
  16 hell hounds
  3 ice beasts
  2 swamp drakes
  A sky beast (D:7)
  13 black bears
  33 orc warriors
  11 ogres
  34 wolves
  17 centaurs
  A kobold brigand (D:9)
  4 necrophages
  A wyvern zombie (D:7)
  17 bullfrogs
  2 gnoll sergeants
  A scorpion (D:4)
  5 wights
  8 killer bees
  9 howler monkeys
  A bullfrog zombie (D:7)
  2 hounds
  A jelly (D:5)
  A gnoll bouda (D:4)
  A human zombie (D:7)
  10 orc priests
  16 iguanas
  A sleepcap (D:8)
  14 orc wizards
  A killer bee zombie (D:7)
  5 mummies (D:7)
  18 gnolls
  6 adders
  2 shadow imps
  A white imp (D:6)
  2 dart slugs
  47 orcs
  9 endoplasms
  3 giant cockroaches (D:1)
  10 goblins
  5 hobgoblins
  8 jackals
  14 kobolds
  3 quokkas
  4 ball pythons
  4 bats
  6 frilled lizards
  5 rats
  A spectral goblin (D:15)
675 creatures vanquished.

Vanquished Creatures (collateral kills)
  A warg (Orc:2)
  A water moccasin (Lair:3)
  An orc wizard (Orc:2)
  2 orcs (Orc:2)
5 creatures vanquished.

Vanquished Creatures (others)
  Urug (Orc:2)
  A manticore (D:14)
  An orc priest (Orc:2)
3 creatures vanquished.

Grand Total: 683 creatures vanquished

Notes
Turn   | Place    | Note
-------+----------+-------------------------------------------
     0 | D:1      | jasper the Spriggan Earth Elementalist began the quest for
                  | the Orb.
     0 | D:1      | Reached XP level 1. HP: 9/9 MP: 5/5
   248 | D:1      | Reached XP level 2. HP: 13/13 MP: 4/6
   551 | D:1      | Found Ogiotiw's Magic Scroll Emporium.
   573 | D:1      | Bought a scroll of fear for 52 gold pieces
  1061 | D:2      | Learned a level 2 spell: Passwall
  1071 | D:2      | Reached XP level 3. HP: 16/16 MP: 5/8
  1079 | D:2      | Learned a level 3 spell: Stone Arrow
  1411 | D:2      | Found Giyth's General Store.
  1418 | D:2      | Bought a potion of heal wounds for 60 gold pieces
  1418 | D:2      | Bought a scroll of immolation for 48 gold pieces
  1994 | D:3      | Found a faded altar of an unknown god.
  2009 | D:3      | Found a stormy altar of Qazlal.
  2132 | D:3      | Reached skill level 1 in Conjurations
  2132 | D:3      | Reached XP level 4. HP: 14/21 MP: 5/9
  2826 | D:3      | Reached XP level 5. HP: 24/24 MP: 8/10
  3377 | D:4      | Reached skill level 5 in Earth Magic
  3535 | D:4      | Reached XP level 6. HP: 28/28 MP: 8/11
  4014 | D:4      | Identified the +2 cloak of Uzech {Harm rF++ Slay-5 Stlth+}
  4236 | D:5      | Entered Level 5 of the Dungeon
  4362 | D:5      | Identified the +0 leather armour "Mobbau" {Str+5 Int+5
                  | Dex-2}
  4363 | D:5      | Found a runed translucent gate.
  4363 | D:5      | Found a runed translucent gate.
  4363 | D:5      | Found a runed translucent gate.
  4363 | D:5      | Noticed meatpath's ghost (amateur MiBe)
  4409 | D:5      | Reached XP level 7. HP: 32/32 MP: 9/12
  4678 | D:5      | Found an ornate altar of the Wu Jian Council.
  4717 | D:5      | Found a hazy altar of Hepliaklqana.
  5369 | D:6      | Found a staircase to the Ecumenical Temple.
  5475 | Temple   | Entered the Ecumenical Temple
  5475 | Temple   | Found a transporter.
  5475 | Temple   | Found a transporter.
  5477 | Temple   | Found a transporter.
  5477 | Temple   | Found a transporter.
  5511 | Temple   | Became a worshipper of Vehumet
  5574 | D:6      | Found a sacrificial altar of Ru.
  5657 | D:6      | Reached XP level 8. HP: 25/36 MP: 5/13
  6132 | D:7      | Reached skill level 5 in Conjurations
  6504 | D:7      | Found a glowing golden altar of the Shining One.
  6507 | D:7      | Found a sparkling altar of Nemelex Xobeh.
  6677 | D:7      | Found a runed translucent door.
  6678 | D:7      | Noticed SkeletonJelly's ghost (novice DsRe)
  6935 | D:7      | Reached XP level 9. HP: 27/39 MP: 4/14
  6936 | D:7      | Reached * piety under Vehumet
  6936 | D:7      | Offered knowledge of Magic Dart by Vehumet.
  7243 | D:7      | Found an ancient bone altar of Kikubaaqudgha.
  7290 | D:7      | Reached skill level 3 in Dodging
  7290 | D:7      | Reached skill level 1 in Evocations
  7346 | D:7      | Reached skill level 1 in Fighting
  7442 | D:7      | Reached skill level 4 in Dodging
  7606 | D:8      | Reached skill level 5 in Stealth
  7628 | D:8      | Found a runed translucent gate.
  7628 | D:8      | Found a runed translucent gate.
  7629 | D:8      | Found a runed translucent gate.
  7632 | D:8      | Noticed Voxie's ghost (novice GrFi)
  7869 | D:8      | Reached skill level 5 in Dodging
  7877 | D:8      | Offered knowledge of Scorch by Vehumet.
  7909 | D:8      | Reached ** piety under Vehumet
  8476 | D:9      | Reached skill level 5 in Evocations
  8738 | D:9      | Reached skill level 6 in Dodging
  8738 | D:9      | Reached XP level 10. HP: 40/49 MP: 15/15
  9320 | D:10     | Entered Level 10 of the Dungeon
  9390 | D:10     | Offered knowledge of Volatile Blastmotes by Vehumet.
  9391 | D:10     | Reached skill level 7 in Dodging
  9761 | D:10     | Noticed Psyche
  9766 | D:10     | Killed Psyche
  9785 | D:10     | Reached *** piety under Vehumet
  9795 | D:10     | Reached skill level 8 in Dodging
  9956 | D:10     | Found a staircase to the Lair.
 10082 | D:10     | Reached skill level 10 in Stealth
 10099 | D:10     | Reached skill level 5 in Fighting
 10211 | D:10     | Reached skill level 9 in Dodging
 10303 | D:10     | Reached XP level 11. HP: 54/56 MP: 2/16
 10440 | D:10     | Found Zin's Purification Station.
 10440 | D:10     | Found a glowing silver altar of Zin.
 10448 | D:10     | Bought a potion of curing for 90 gold pieces
 10487 | D:10     | Found a shimmering blue altar of Sif Muna.
 10634 | D:10     | Learned a level 2 spell: Sublimation of Blood
 10778 | D:10     | Offered knowledge of Mephitic Cloud by Vehumet.
 10785 | D:10     | Learned a level 3 spell: Mephitic Cloud
 10790 | D:10     | Learned a level 4 spell: Fulminant Prism
 10982 | D:11     | Reached skill level 1 in Hexes
 10982 | D:11     | Reached skill level 1 in Necromancy
 11107 | D:11     | Noticed a skeletal warrior
 11107 | D:11     | Noticed a skeletal warrior
 11110 | D:11     | Noticed a skeletal warrior
 11141 | D:11     | Killed a skeletal warrior
 11157 | D:11     | Killed a skeletal warrior
 11309 | D:11     | Killed a skeletal warrior
 11953 | Lair:1   | Entered Level 1 of the Lair of Beasts
 11961 | Lair:1   | Reached skill level 10 in Dodging
 12444 | Lair:1   | Reached skill level 11 in Dodging
 12839 | Lair:1   | Reached **** piety under Vehumet
 13082 | Lair:1   | Offered knowledge of Hailstorm by Vehumet.
 13083 | Lair:1   | Reached XP level 12. HP: 63/63 MP: 14/17
 13089 | Lair:1   | Reached skill level 12 in Dodging
 14002 | Lair:2   | Noticed Amaemon
 14099 | Lair:2   | Reached skill level 13 in Dodging
 14162 | Lair:2   | Killed Amaemon
 14456 | Lair:2   | Noticed Nergalle
 14460 | Lair:2   | Killed Nergalle
 14674 | Lair:2   | Identified the +2 robe "Fuko" {rElec Will+ Dex+2}
 15268 | Lair:2   | Reached skill level 14 in Dodging
 15357 | Lair:3   | Reached ***** piety under Vehumet
 15606 | Lair:3   | Offered knowledge of Ozocubu's Refrigeration by Vehumet.
 15981 | Lair:3   | Found a staircase to the Snake Pit.
 16161 | Lair:3   | Found a staircase to the Shoals.
 16262 | Lair:3   | Found a transporter.
 16262 | Lair:3   | Found a transporter.
 16262 | Lair:3   | Noticed a boulder beetle
 16734 | Lair:4   | Reached skill level 15 in Dodging
 16776 | Lair:4   | Reached XP level 13. HP: 72/72 MP: 2/18
 17404 | Lair:4   | Reached skill level 10 in Fighting
 17881 | Lair:5   | Entered Level 5 of the Lair of Beasts
 18068 | D:12     | Noticed Lodul
 18070 | D:12     | Found a gate leading to a gauntlet.
 18083 | D:12     | Killed Lodul
 18095 | Gauntlet | Entered a Gauntlet
 18095 | Gauntlet | Found a transporter.
 18095 | Gauntlet | Found a transporter.
 18195 | Gauntlet | Found a transporter.
 18195 | Gauntlet | Found a transporter.
 18195 | Gauntlet | Found a transporter.
 18195 | Gauntlet | Found a transporter.
 18197 | Gauntlet | Found the -2 hat of the Alchemist {rElec rPois rF+ rC+ rN+
                  | Will+ rMut rCorr}
 18205 | Gauntlet | Found a transporter.
 18209 | Gauntlet | Found a transporter.
 18221 | Gauntlet | Found a transporter.
 18320 | Gauntlet | Found a transporter.
 18324 | Gauntlet | Found a transporter.
 18334 | Gauntlet | Found a transporter.
 18408 | Gauntlet | Reached skill level 16 in Dodging
 18472 | Gauntlet | Identified the amulet of Makefog {Spirit rF+ Dex+2}
 18476 | Gauntlet | Identified the +2 ring mail of Arcadian Leaves {Slay+2}
 18561 | Gauntlet | Found the +6 arbalest "Damnation" {damnation}
 18561 | Gauntlet | Noticed a minotaur
 18575 | Gauntlet | Killed a minotaur
 18582 | Gauntlet | Identified the +1 flail of Lies {heavy, rPois rCorr}
 18582 | Gauntlet | Identified the staff of poison "Nuoqu" {rPois Str-3 Dex+6}
 18941 | D:12     | Noticed Erolcha
 18946 | D:12     | Killed Erolcha
 19185 | D:12     | Identified the +3 short sword "Trog's Fury" {heavy,
                  | *Corrode rN+ Str-2 Int+7}
 19305 | D:12     | Offered knowledge of Olgreb's Toxic Radiance by Vehumet.
 19343 | D:12     | Noticed Nessos
 19348 | D:12     | Nessos changed into Nessos the wind drake
 19348 | D:12     | Noticed Nessos
 19380 | D:12     | Killed Nessos the wind drake
 19460 | D:12     | Found a staircase to the Orcish Mines.
 19713 | Orc:1    | Entered Level 1 of the Orcish Mines
 19729 | Orc:1    | Noticed Urug
 19743 | Orc:2    | Entered Level 2 of the Orcish Mines
 19746 | Orc:2    | Your ally Urug died
 20311 | Orc:2    | Found a staircase to the Elven Halls.
 20316 | Orc:2    | Reached skill level 17 in Dodging
 20337 | Orc:2    | Noticed Sonja
 20350 | Orc:2    | Sonja changed into Sonja the golden eye
 20350 | Orc:2    | Noticed Sonja
 20353 | Orc:2    | Killed Sonja the golden eye
 20710 | Orc:1    | Reached skill level 5 in Spellcasting
 21513 | Orc:2    | Noticed an orc warlord
 21880 | Orc:2    | Noticed Saint Roka
 22510 | Orc:2    | Killed an orc warlord
 22511 | Orc:2    | Reached XP level 14. HP: 79/79 MP: 8/27
 22747 | Orc:2    | Found Soreaph's Antique Armour Shoppe.
 22764 | Orc:2    | Found Inapeapt's Antique Weapon Shoppe.
 22779 | Orc:2    | Found Visamoh's General Store.
 22788 | Orc:2    | Bought a potion of curing for 42 gold pieces
 22837 | Orc:2    | Found Wefaset's Jewellery Shoppe.
 22843 | Orc:2    | Bought a +6 ring of intelligence for 504 gold pieces
 22843 | Orc:2    | Bought the ring of the Unbearable God {rC++ Str+8 Slay-2
                  | SInv} for 670 gold pieces
 23071 | Lair:5   | Found a staircase to the Slime Pits.
 23233 | Lair:5   | Reached skill level 10 in Spellcasting
 23918 | Lair:5   | Learned a level 5 spell: Borgnjor's Vile Clutch
 24091 | Lair:5   | Offered knowledge of Eringya's Noxious Bog by Vehumet.
 24617 | Lair:5   | Identified the +1 ring mail of Aqango {Int+2 Dex+2}
 24697 | Lair:5   | Reached skill level 5 in Necromancy
 25546 | Lair:5   | Offered knowledge of Yara's Violent Unravelling by Vehumet.
 26150 | D:13     | Reached skill level 10 in Earth Magic
 27119 | D:13     | Reached XP level 15. HP: 33/83 MP: 4/31
 27457 | D:13     | Found a gate to the Vaults.
 28843 | D:14     | Noticed Azrael
 28849 | D:14     | Killed Azrael
 28866 | D:14     | Reached skill level 18 in Dodging
 29398 | D:15     | Entered Level 15 of the Dungeon
 29398 | D:15     | Found Lola's Distillery.
 29471 | D:15     | Bought a potion of curing for 30 gold pieces
 29471 | D:15     | Bought a potion of heal wounds for 50 gold pieces
 29471 | D:15     | Bought a potion of heal wounds for 50 gold pieces
 29482 | D:15     | Reached XP level 16. HP: 88/88 MP: 31/34
 29671 | D:15     | Found Cilorau's Distillery.
 29677 | D:15     | Bought a potion of haste for 140 gold pieces
 29677 | D:15     | Bought a potion of heal wounds for 70 gold pieces
 29677 | D:15     | Bought a potion of resistance for 140 gold pieces
 29677 | D:15     | Bought a potion of curing for 42 gold pieces
 29677 | D:15     | Bought a potion of resistance for 140 gold pieces
 29985 | D:15     | Found a staircase to the Depths.
 30154 | D:15     | Found Anguip's Armour Boutique.
 30267 | D:15     | Found Veiphep's Weapon Emporium.
 30607 | D:15     | Found a hazy altar of Hepliaklqana.
 30972 | Snake:1  | Entered Level 1 of the Snake Pit
 31126 | Snake:1  | HP: 1/90 [black mamba (15)]
 31126 | Snake:1  | Constricted to death by an anaconda

Illustrated notes

Levels and vault maps discovered:
D:1:      nagdon_arrival_zigzag_paths, layout_basic, serial_shops, shop
D:2:      layout_loops_ring, serial_shops, nicolae_shop_peninsula
D:3:      layout_basic, mainiacjoe_overflow_concentric_impassable,
          basic_ecumenical_altar, serial_glass, glass_columns_a,
          glass_columns_a, minmay_misc_feat_four_crosses, minmay_crystal_room,
          chequers_serial_rivers_small_3, kennysheep_generic_room_5
D:4:      layout_basic
D:5:      layout_basic, mainiacjoe_overflow_swirl, biasface_ghost_orc_armoury,
          nicolae_concentric_dashed_squares_wild, hex_medium
D:6:      layout_cave_pools, mainiacjoe_overflow_small_starburst, temple_hall
D:7:      layout_basic, minitemple, lemuel_mausoleum_altar_kikubaaqudgha,
          ebering_ghost_reflecting_pool, grunt_decor_arrowhead
D:8:      layout_cave_pools, gammafunk_ghost_necromancy, corexii_checkpoint_a,
          chequers_serial_rivers_micro_c
D:9:      layout_basic, nicolae_straight_to_the_point
D:10:     layout_grid_maze, led_sif_pool, zin_purify, minmay_lair_entry_grove,
          minivault_19, uniq_psyche
D:11:     layout_roguey
D:12:     layout_rooms, erik_orc_1, gauntlet_entry_generic,
          palyth_stone_intersect, uniq_nessos, uniq_lodul, uniq_erolcha
D:13:     layout_layer_cave, hangedman_vaults_entry_quadrant_bands
D:14:     layout_rooms, dreamdust_wishing_well, uniq_azrael
D:15:     grunt_enter_depths_magical_seal, layout_loops_ring, serial_shops,
          nicolae_shop_industrial_runoff, nicolae_shop_just_a_little_nook, shop,
          shop, roderic_roman_lattice, serial_bayou_pond_d, drop_trap,
          nicolae_hepliaklqana_monster_ancestors
Temple:   hellmonk_temple_divided_pantheon
Lair:1:   layout_regular_city, grunt_megastairs_2
Lair:2:   beast_lair_carwin_large_1, layout_gridlike, grunt_megastairs_1,
          uniq_amaemon, uniq_nergalle
Lair:3:   gammafunk_boulding_lane, layout_cave_shapes,
          minmay_shoals_entry_centaurs, minmay_snake_entry_guardpost_small
Lair:4:   layout_long_grid, roderic_carrion_pond, serial_bayou_shore_a,
          grunt_megastairs_4
Lair:5:   guppyfry_lair_end_dragon, layout_misc_corridors,
          hangedman_lair_caniforms_friends, slime_entry_1, serial_bayou_shore_b,
          lemuel_fruit_tree
Snake:1:  layout_layer_cave, serial_shops, nicolae_diamond_shop, basic_altar
Orc:1:    layout_caves, uniq_urug
Orc:2:    grunt_orc_cross, layout_diamond_mine, uniq_sonja

Skill      XL: |  1  2  3  4  5  6  7  8  9 10 11 12 13 14 15 |
---------------+----------------------------------------------+-----
Earth Magic    | 3 4 5 6 8 10 | 10.2
Conjurations   | 1 2 3 4 6 |  6.0
Dodging        | 6 9 11 15 17 18 | 18.9
Spellcasting   | 3 8 11 13 | 13.1
Evocations     | 5 6 |  6.0
Fighting       | 3 5 7 9 11 12 | 12.5
Stealth        | 7 10 | 10.0
Hexes          | 4 |  4.0
Necromancy     | 4 7 |  7.1
Transmutations | |  1.3

Action                     |  1- 3 |  4- 6 |  7- 9 | 10-12 | 13-15 | 16-18 || total
---------------------------+-------+-------+-------+-------+-------+-------++-------
  Melee: Unarmed           |     2 |       |       |       |       |       ||     2
         Staff             |       |     1 |       |    29 |    57 |     3 ||    90
  Throw: Dart              |       |       |       |       |     3 |       ||     3
   Cast: Sandblast         |    66 |    80 |   125 |   194 |   294 |    37 ||   796
         Stone Arrow       |       |       |    21 |   227 |   362 |    25 ||   635
         Mephitic Cloud    |       |       |       |       |     2 |       ||     2
         Borgnjor's Vile C |       |       |       |       |   125 |    24 ||   149
         Sublimation of Bl |       |       |       |       |    15 |     1 ||    16
  Evoke: Wand              |       |       |     2 |    14 |    19 |       ||    35
         Box of beasts     |       |       |       |     1 |     2 |       ||     3
    Use: Scroll            |     6 |     3 |     7 |     9 |     6 |     1 ||    32
         Potion            |       |       |       |       |     8 |       ||     8
 Armour: Robe              |     4 |    10 |     9 |    25 |    30 |     4 ||    82
  Dodge: Dodged            |    16 |    38 |    57 |   279 |   576 |    85 ||  1051
